 Dungeon Crawl Stone Soup version 0.28.0-43-g3370ac3207 (webtiles) character file.

Game seed: 16048570756863011783

2768 jimonade the Cleaver (level 9, 0/71 HPs)
             Began as a Gnoll Wanderer on Mar 17, 2022.
             Was a Follower of Okawaru.
             Succumbed to a killer bee's poison
             ... on level 7 of the Dungeon.
             The game lasted 00:23:11 (6545 turns).

jimonade the Cleaver (Gnoll Wanderer)               Turns: 6545, Time: 00:23:11

Health: 0/71       AC:  9    Str: 22    XL:     9   Next: 69%
Magic:  17/17      EV: 10    Int: 11    God:    Okawaru [*.....]
Gold:   335        SH:  9    Dex: 12    Spells: 18/18 levels left

rFire   . . .      SeeInvis .   u - +2 war axe (elec)
rCold   + . .      Faith    .   A - +0 kite shield
rNeg    . . .      Spirit   .   E - +1 ring mail "Hoexkodu" {-Cast rElec rC+ Slay+2}
rPois   .          Reflect  .   l - +0 helmet
rElec   +          Harm     .   J - +0 cloak
rCorr   .          Rampage  .   (no gloves)
Will    +....      NoCast   +   (no boots)
Stlth   ++........              F - amulet of the acrobat
HPRegen 0.21/turn               w - ring of willpower
MPRegen 0.15/turn               K - +6 ring of strength

@: lethally poisoned (0 -> -2)
A: fangs 1, strong nose, distributed training
a: Renounce Religion, Heroism


You were on level 7 of the Dungeon.
You worshipped Okawaru.
Okawaru was aware of your devotion.
You visited 2 branches of the dungeon, and saw 8 of its levels.

You collected 335 gold pieces.

Inventory:

Hand Weapons
 b - a +0 hunting sling
 f - a +2 short sword of flaming
 u - a +2 war axe of electrocution (weapon)
 D - a +1 dagger of venom
 G - a +1 vampiric trident
 N - a +4 battleaxe
Missiles
 c - 22 sling bullets
 d - 20 poisoned darts (quivered)
 i - 100 stones
 r - 14 bolts
 v - 90 arrows
Armour
 e - a +0 chain mail
 l - a +0 helmet (worn)
 A - a +0 kite shield (worn)
 E - the +1 ring mail "Hoexkodu" (worn) {-Cast rElec rC+ Slay+2}
   (You found it on level 5 of the Dungeon)

   Slay:      It affects your accuracy & damage with ranged weapons and melee
   (+2).
   rC:        It protects you from cold.
   rElec:     It insulates you from electricity.
   -Cast:     It prevents spellcasting.
 J - a +0 cloak (worn)
 L - a +1 scale mail of positive energy
 O - a +0 plate armour
Magical Staves
 o - a staff of cold
Jewellery
 a - a +6 ring of intelligence
 w - a ring of willpower (left hand)
 F - an amulet of the acrobat (around neck)
 I - a ring of willpower
 K - a +6 ring of strength (right hand)
Wands
 y - a wand of digging (2)
Scrolls
 g - 9 scrolls of identify {unknown}
 j - a scroll of silence {unknown}
 k - 4 scrolls of blinking {unknown}
 p - a scroll of holy word {unknown}
 q - a scroll of noise {unknown}
 s - a scroll of teleportation {unknown}
 t - a scroll of enchant weapon {unknown}
 x - a scroll of fear {unknown}
 B - 3 scrolls of enchant armour {unknown}
Potions
 h - 3 potions of curing {unknown}
 m - 2 potions of haste {unknown}
 n - a potion of invisibility {unknown}
 z - 2 potions of resistance {unknown}
 C - a potion of magic {unknown}
 H - a potion of cancellation {unknown}
 M - a potion of mutation {unknown}
 P - 3 potions of heal wounds {unknown}


   Skills:
 + Level 6.5 Fighting
 + Level 4.5 Short Blades
 + Level 4.5 Long Blades
 + Level 11.3 Axes
 + Level 4.5 Maces & Flails
 + Level 4.5 Polearms
 + Level 4.5 Staves
 + Level 5.2 Slings
 + Level 4.5 Bows
 + Level 4.5 Crossbows
 + Level 5.2 Throwing
 + Level 4.5 Armour
 + Level 4.5 Dodging
 + Level 4.5 Stealth
 + Level 4.5 Shields
 + Level 4.5 Unarmed Combat
 + Level 5.4 Spellcasting
 + Level 3.7 Conjurations
 + Level 3.7 Hexes
 + Level 3.7 Summonings
 + Level 3.7 Necromancy
 + Level 3.7 Translocations
 + Level 3.7 Transmutations
 + Level 3.7 Fire Magic
 + Level 3.7 Ice Magic
 + Level 3.7 Air Magic
 + Level 3.7 Earth Magic
 + Level 3.7 Poison Magic
 + Level 5.0 Invocations
 + Level 4.5 Evocations


You had 18 spell levels left.
You didn't know any spells.
Your spell library contained the following spells:

 Spells                   Type           Power      Damage    Failure   Level
 Beastly Appendage        Tmut           22%        N/A       21%         1
 Slow                     Hex            44%        N/A       21%         1
 Wereblood                Tmut           11%        N/A       30%         2
 Confusing Touch          Hex            11%        N/A       52%         3
 Spider Form              Tmut/Pois      11%        N/A       52%         3
 Vampiric Draining        Necr           11%        2d6       52%         3
 Summon Small Mammal      Summ           Unusable   N/A       N/A         1
 Call Canine Familiar     Summ           Unusable   N/A       N/A         3
 Summon Guardian Golem    Hex/Summ       Unusable   N/A       N/A         3

Dungeon Overview and Level Annotations

Branches:
Dungeon (7/15)             Temple (1/1) D:5

Altars:
Ashenzari
Cheibriados
Dithmenos
Elyvilon
Fedhas
Hepliaklqana
Kikubaaqudgha
Makhleb
Nemelex Xobeh
Okawaru
Qazlal
Sif Muna
Trog
Uskayaw
Vehumet
Wu Jian
Yredelemnul
Zin

Shops:
D:1 (((

Annotations:
D:3 1 runed translucent door, WaxSun's ghost, amateur FoCK


Innate Abilities, Weirdness & Mutations

You have very sharp teeth.
Your uncanny sense of smell can sniff out nearby items.
Your experience applies equally to all skills.


Message History

Okay, then.
Unknown command.
Unknown command.
You slash the killer bee!
You kill the killer bee!
Okawaru accepts your kill.
You closely miss the killer bee.
You feel very sick. You block the killer bee's attack.
The killer bee closely misses you.
Your Invocations skill increases to level 5!
You hit the killer bee.
The killer bee is lightly wounded.
You feel very sick. You block the killer bee's attack.
The killer bee closely misses you.
You miss the killer bee.
You feel sick. You block the killer bee's attack. x2
The killer bee stings you.
* * * LOW HITPOINT WARNING * * *
You barely miss the killer bee.
* * * LOW HITPOINT WARNING * * *
You feel sick. You block the killer bee's attack.
The killer bee stings you but does no damage.
You barely miss the killer bee.
* * * LOW HITPOINT WARNING * * *
You feel sick. The killer bee barely misses you.
You block the killer bee's attack.
You hit the killer bee.
The killer bee is moderately wounded.
* * * LOW HITPOINT WARNING * * *
You feel sick.
The killer bee stings you but does no damage.
You block the killer bee's attack.
You slash the killer bee! Your bite misses the killer bee.
The killer bee is severely wounded.
* * * LOW HITPOINT WARNING * * *
You feel sick.
The killer bee stings you but does no damage. x2
You slash the killer bee!
You kill the killer bee!
Okawaru accepts your kill.
You die...

...#..................
...#..................
...##'########'###...#
.................# #
.................#
.............†...#
###..............#
#..............#
+.............@#
#.............†####
#############.....#
#.....# #.....+
#.....# #.....#
##..... #......


There were no monsters in sight!

Vanquished Creatures
  4 yaks (D:5)
  A water moccasin (D:7)
  2 ice beasts
  A black bear (D:3)
  2 necrophages (D:5)
  A sky beast (D:6)
  2 ogres
  A kobold brigand (D:6)
  A bullfrog (D:6)
  A water moccasin zombie (D:5)
  3 scorpions (D:5)
  6 killer bees (D:7)
  3 wights (D:6)
  A bullfrog zombie (D:6)
  3 hounds
  5 orc priests
  A jelly (D:6)
  2 bullfrog skeletons
  3 iguanas (D:5)
  Ijyb (D:4)
  2 hound skeletons (D:4)
  A howler monkey zombie (D:5)
  3 adders
  10 gnolls
  2 shadow imps (D:6)
  An adder skeleton (D:4)
  A worm (D:3)
  2 dart slugs
  11 orcs
  6 endoplasms
  2 giant cockroaches
  7 goblins
  6 hobgoblins
  6 kobolds (D:6)
  3 quokkas
  6 ball pythons
  2 bats (D:2)
  5 frilled lizards
  2 rats (D:1)
122 creatures vanquished.

Notes
Turn   | Place    | Note
-------+----------+-------------------------------------------
     0 | D:1      | Reached skill level 10 in Axes
     0 | D:1      | jimonade the Gnoll Wanderer began the quest for the Orb.
     0 | D:1      | jimonade set off with the following items: a +0 war axe, a
                  | +0 hunting sling, 22 sling bullets, 10 poisoned darts, a +0
                  | dagger, a +0 leather armour
     0 | D:1      | Reached XP level 1. HP: 20/20 MP: 4/4
   187 | D:1      | Found Asioq's Antique Weapon Emporium.
   314 | D:1      | Found a faded altar of an unknown god.
   353 | D:1      | Reached XP level 2. HP: 18/26 MP: 5/5
   467 | D:1      | Found Acaciu's Weapon Shoppe.
   489 | D:1      | Found Niuroe's Weapon Boutique.
  1106 | D:2      | Reached XP level 3. HP: 31/31 MP: 7/7
  1507 | D:3      | Found a runed translucent door.
  1507 | D:3      | Noticed a bullfrog
  1511 | D:3      | Found a sparkling altar of Nemelex Xobeh.
  1527 | D:3      | Noticed WaxSun's ghost (amateur FoCK)
  1582 | D:3      | Noticed a black bear
  1584 | D:3      | Reached skill level 1 in Invocations
  1594 | D:3      | Killed a black bear
  1595 | D:3      | Reached skill level 1 in Short Blades
  1595 | D:3      | Reached skill level 1 in Long Blades
  1595 | D:3      | Reached skill level 1 in Maces & Flails
  1595 | D:3      | Reached skill level 1 in Polearms
  1595 | D:3      | Reached skill level 1 in Staves
  1595 | D:3      | Reached skill level 1 in Bows
  1595 | D:3      | Reached skill level 1 in Crossbows
  1595 | D:3      | Reached skill level 1 in Armour
  1595 | D:3      | Reached skill level 1 in Dodging
  1595 | D:3      | Reached skill level 1 in Stealth
  1595 | D:3      | Reached skill level 1 in Shields
  1595 | D:3      | Reached skill level 1 in Unarmed Combat
  1595 | D:3      | Reached skill level 1 in Conjurations
  1595 | D:3      | Reached skill level 1 in Hexes
  1595 | D:3      | Reached skill level 1 in Summonings
  1595 | D:3      | Reached skill level 1 in Necromancy
  1595 | D:3      | Reached skill level 1 in Translocations
  1595 | D:3      | Reached skill level 1 in Transmutations
  1595 | D:3      | Reached skill level 1 in Fire Magic
  1595 | D:3      | Reached skill level 1 in Ice Magic
  1595 | D:3      | Reached skill level 1 in Air Magic
  1595 | D:3      | Reached skill level 1 in Earth Magic
  1595 | D:3      | Reached skill level 1 in Poison Magic
  1595 | D:3      | Reached skill level 1 in Evocations
  1595 | D:3      | Reached XP level 4. HP: 20/38 MP: 8/8
  1595 | D:3      | Reached XP level 5. HP: 22/43 MP: 9/9
  1749 | D:3      | Found a hide-covered altar of Uskayaw.
  2754 | D:4      | Reached XP level 6. HP: 28/50 MP: 10/10
  3380 | D:4      | Reached skill level 5 in Fighting
  3654 | D:4      | Noticed Ijyb
  3676 | D:4      | Killed Ijyb
  3779 | D:4      | Reached XP level 7. HP: 56/56 MP: 12/12
  4021 | D:4      | Identified the +1 falchion "Odotanof" {drain, Dex+4}
  4277 | D:5      | Entered Level 5 of the Dungeon
  4457 | D:5      | Identified the +1 ring mail "Hoexkodu" {-Cast rElec rC+
                  | Slay+2}
  4543 | D:5      | Noticed a yak
  4543 | D:5      | Noticed a yak
  4545 | D:5      | Noticed a yak
  4547 | D:5      | Noticed a yak
  4562 | D:5      | Killed a yak
  4563 | D:5      | Reached XP level 8. HP: 63/63 MP: 14/14
  4566 | D:5      | Killed a yak
  4571 | D:5      | Killed a yak
  4572 | D:5      | Reached skill level 11 in Axes
  4575 | D:5      | Killed a yak
  4997 | D:5      | Found a staircase to the Ecumenical Temple.
  5010 | D:5      | Reached XP level 9. HP: 69/69 MP: 16/16
  5013 | Temple   | Entered the Ecumenical Temple
  5107 | Temple   | Became a worshipper of Warmaster Okawaru
  5409 | D:5      | Reached skill level 5 in Spellcasting
  5850 | D:6      | Reached * piety under Okawaru
  5851 | D:6      | Reached skill level 5 in Slings
  5851 | D:6      | Reached skill level 5 in Throwing
  6539 | D:7      | Reached skill level 5 in Invocations
  6542 | D:7      | HP: 3/71 [poisoned by a killer bee]
  6544 | D:7      | HP: 1/71 [poisoned by a killer bee]
  6545 | D:7      | Succumbed to a killer bee's poison

Illustrated notes

Levels and vault maps discovered:
D:1:      matt_arrival_spirals, layout_rooms, ebering_ecumenical_altar_mist,
          serial_shops, nicolae_shop_bloodbath_and_beyond,
          nicolae_shop_statue_plus, shop
D:2:      layout_rooms, dk_noncrumbling_4, hex_medium
D:3:      layout_loops_ring, nemelex_xobeh_ov_fountains_minmay,
          overflow_temple_1_default, ebering_ghost_sewer_d
D:4:      layout_cave_pools, grunt_ministairs_15, uniq_ijyb
D:5:      layout_basic, minmay_temple_entry_proselytizer,
          grunt_decor_one_mirror, kennysheep_generic_room_12
D:6:      layout_rooms, water_maze_lemuel
D:7:      layout_gridville, nicolae_tso_besieged_by_evil,
          corexii_leaking_fountain, uniq_joseph
Temple:   lightli_temple_of_artemis

Skill      XL: |  1  2  3  4  5  6  7  8  9 |
---------------+----------------------------+-----
Axes           | 11 | 11.3
Invocations    | 1 2 3 4 5 |  5.0
Short Blades   | 1 2 3 4 |  4.5
Long Blades    | 1 2 3 4 |  4.5
Maces & Flails | 1 2 3 4 |  4.5
Polearms       | 1 2 3 4 |  4.5
Staves         | 1 2 3 4 |  4.5
Bows           | 1 2 3 4 |  4.5
Crossbows      | 1 2 3 4 |  4.5
Armour         | 1 2 3 4 |  4.5
Dodging        | 1 2 3 4 |  4.5
Stealth        | 1 2 3 4 |  4.5
Shields        | 1 2 3 4 |  4.5
Unarmed Combat | 1 2 3 4 |  4.5
Spellcasting   | 3 4 5 |  5.4
Conjurations   | 1 2 3 |  3.7
Hexes          | 1 2 3 |  3.7
Summonings     | 1 2 3 |  3.7
Necromancy     | 1 2 3 |  3.7
Translocations | 1 2 3 |  3.7
Transmutations | 1 2 3 |  3.7
Fire Magic     | 1 2 3 |  3.7
Ice Magic      | 1 2 3 |  3.7
Air Magic      | 1 2 3 |  3.7
Earth Magic    | 1 2 3 |  3.7
Poison Magic   | 1 2 3 |  3.7
Evocations     | 1 2 3 4 |  4.5
Slings         | 3 4 5 |  5.2
Throwing       | 3 4 5 |  5.2
Fighting       | 5 6 |  6.5

Action                   |  1- 3 |  4- 6 |  7- 9 || total
-------------------------+-------+-------+-------++-------
Melee: War axe           |    73 |    93 |   180 ||   346
       Bite              |     6 |     6 |    18 ||    30
       Punch             |     2 |     1 |       ||     3
Throw: Dart              |       |     1 |    15 ||    16
 Stab: Sleeping          |       |       |     2 ||     2
Armor: Leather armour    |    16 |       |       ||    16
       Chain mail        |     5 |    36 |    22 ||    63
       Ring mail         |       |       |    46 ||    46
Dodge: Dodged            |    35 |    24 |    73 ||   132
Block: Kite shield       |       |       |    67 ||    67
